Map: Vallée des cactus EC

Players

Nargil

  • Race: Zerg Zerg
  • League: Grandmaster

AgCl - Winner!

  • Race: Protoss Protoss
  • League: Grandmaster

VOD

Have the link to the VOD?

Description

Time

  • Played on: June 8, 2015, 6:12 p.m.
  • Length: 8:19
Show
View Real Time Build Order
Export as new Build Order

Nargil Zerg 

Build Orders: Hatch First 

Get SALT Encoding   

  12  0:01  Drone  
  13  0:12  Overlord  
  13  0:20  Drone  
  14  0:24  Drone, Extractor  
  15  0:31  Drone  
  16  0:36  Drone  
  17  0:54  Hatchery  
  17  0:56  Drone  
  17  1:06  Drone  
  18  1:15  Extractor, Spawning Pool  
  16  1:20  Drone  
  16  1:24  Drone  
  18  1:30  Overlord  
  18  1:40  Drone  
  19  1:50  Drone  
  20  2:01  Overlord  
  20  2:02  Queen  
  20  2:06  Queen  
  20  2:07  Drone  
  25  2:13  Drone  
  26  2:17  Drone  
  26  2:19  Metabolic Boost  
  27  2:24  Zergling x2  
  27  2:28  Zergling x2  
  29  2:34  Spine Crawler  
  26  2:48  Drone x2  
  26  2:50  Zergling x4  
  29  3:03  Drone x2  
  31  3:06  Spore Crawler  
  31  3:09  Spore Crawler, Drone  
  30  3:15  Drone  
  30  3:18  Drone x3  
  34  3:21  Drone  
  35  3:27  Drone x2  
  35  3:31  Drone  
  35  3:32  Drone  
  38  3:39  Drone x3  
  40  3:42  Drone  
  40  3:45  Overlord  
  41  3:49  Overlord  
  41  3:55  Lair  
  41  3:57  Drone  
  41  4:00  Drone  
  41  4:01  Drone  
  44  4:04  Drone x2  
  46  4:18  Extractor  
  46  4:19  Evolution Chamber, Drone x3  
  46  4:20  Evolution Chamber, Drone x3  
  49  4:29  Drone x3  
  51  4:39  Overlord x2  
  51  4:45  Zerg Missile Weapons Level 1  
  51  4:46  Extractor  
  51  4:52  Zerg Ground Armor Level 1  
  50  4:54  Roach Warren  
  49  5:00  Zergling x6  
  49  5:06  Extractor  
  51  5:07  Hatchery  
  51  5:11  Drone x3  
  51  5:12  Hydralisk Den  
  52  5:15  Drone x4  
  52  5:18  Overlord  
  55  5:37  Glial Reconstitution  
  55  5:39  Roach x4  
  55  5:40  Roach  
  65  5:47  Overseer  
  65  5:51  Overseer  
  65  5:58  Overlord  
  65  5:59  Overlord  
  65  6:00  Roach x3  
  65  6:01  Roach x2  
  75  6:08  Drone x6  
  81  6:12  Overlord  
  81  6:17  Drone x2  
  81  6:18  Drone x3  
  86  6:19  Overlord  
  86  6:23  Queen  
  88  6:40  Spire, Muscular Augments  
  88  6:42  Drone x4, Extractor x2  
  89  6:54  Hydralisk x5  
  99  7:01  Drone x2  
  99  7:02  Drone x4  
  105  7:19  Hydralisk x3  
  99  7:30  Hydralisk x4  
  86  7:45  Hydralisk x3  
  86  7:46  Hydralisk x2  
  83  8:02  Drone  
  83  8:03  Drone x2  
Show
View Real Time Build Order
Export as new Build Order

AgCl Protoss - Winner!

Build Orders: Oracle Opening, Oracle Opening, Carrier Rush 

Get SALT Encoding   

  12  0:21  Pylon  
  12  0:35  Probe  
  13  0:36  Assimilator  
  13  0:42  Gateway  
  13  0:47  Probe (Chrono Boost)  
  15  0:57  Probe (Chrono Boost)  
  15  1:04  Probe  
  16  1:16  Probe  
  17  1:28  Probe  
  18  1:33  Zealot (Chrono Boost)  
  18  1:34  Cybernetics Core  
  20  1:41  Probe  
  21  1:53  Probe  
  22  2:14  Pylon  
  22  2:15  Nexus  
  22  2:16  Warp Gate  
  22  2:32  Stargate  
  22  2:47  Probe  
  21  2:54  Assimilator  
  21  2:56  Pylon  
  21  2:59  Probe  
  21  3:01  Adept  
  24  3:11  Probe  
  25  3:23  Oracle (Chrono Boost)  
  25  3:24  Pylon  
  29  3:27  Probe (Chrono Boost)  
  29  3:29  Probe (Chrono Boost)  
  30  3:37  Probe (Chrono Boost)  
  30  3:39  Probe (Chrono Boost)  
  34  3:46  Probe (Chrono Boost)  
  32  3:49  Probe (Chrono Boost)  
  33  3:59  Pylon  
  33  4:00  Probe (Chrono Boost)  
  33  4:02  Probe (Chrono Boost)  
  35  4:12  Fleet Beacon  
  35  4:15  Probe (Chrono Boost)  
  37  4:18  Probe (Chrono Boost)  
  38  4:24  Probe (Chrono Boost)  
  38  4:27  Probe (Chrono Boost)  
  39  4:32  Assimilator  
  39  4:35  Probe (Chrono Boost)  
  39  4:37  Probe (Chrono Boost), Assimilator  
  44  4:46  Carrier (Chrono Boost)  
  44  4:47  Mothership Core (Chrono Boost), Pylon  
  44  4:48  Probe (Chrono Boost)  
  44  4:49  Gateway  
  44  4:56  Probe (Chrono Boost)  
  45  5:03  Probe (Chrono Boost)  
  45  5:06  Probe (Chrono Boost)  
  47  5:10  Probe (Chrono Boost)  
  47  5:12  Zealot  
  56  5:21  Probe (Chrono Boost)  
  55  5:24  Probe (Chrono Boost)  
  56  5:29  Forge  
  56  5:34  Probe x2 (Chrono Boost), Gateway  
  58  5:38  Carrier (Chrono Boost)  
  59  5:46  Graviton Catapult  
  59  5:53  Probe  
  59  5:54  Probe  
  66  6:05  Probe  
  66  6:08  Protoss Air Weapons Level 1 (Chrono Boost)  
  66  6:10  Probe  
  68  6:12  Gateway  
  68  6:14  Pylon  
  68  6:15  Gateway  
  68  6:27  Carrier (Chrono Boost)  
  68  6:32  Probe  
  69  6:35  Pylon  
  75  6:51  Probe  
  76  6:57  Nexus  
  76  6:59  Pylon  
  76  7:08  Twilight Council  
  76  7:09  Adept x3  
  82  7:25  Pylon  
  74  7:35  Stargate  
Tags
 
Add a new tag
Caveats
  • Supply blocks, unpowered buildings, or Contaminate may cause inaccurate times.
  • Supply counts are checked every 10 seconds.